AoeStats
← Plant

Arabia

510718861Analyzed
1v1 RM · 1d ago on Oct 2, 2026· 29m 35s· 2 players
Game mode
Random Map
Map size
Tiny (2 player)
Population
200
Speed
Normal
Resources
Standard
Victory
Conquest
Starting age
Dark Age
Ending age
Imperial Age
RankedLock teamsTeams togetherTeam positionsShared explorationLock speedFull tech treeHidden civsTurbo modeCheats
Victory
Defeat
🇨🇳 Magyars · China
1004
+16
🇬🇧 Chinese · United Kingdom
1000
-48
Plant
1:35 Loom
13:07 Feudal Age
18:12 Double-Bit Axe
yyd
5:07 Loom
10:14 Feudal Age
10:44 Double-Bit Axe
14:06 Horse Collar
23:00 Castle Age
22:28 Gold Mining
23:25 Bloodlines
24:15 Thumb Ring
24:52 Bow Saw
24:50 Heavy Plow
25:03 Fletching
25:56 Husbandry
26:44 Ballistics
26:57 Bodkin Arrow
28:36 Wheelbarrow
28:03 Padded Archer Armor
Connection lost

Rejoining the realm…

Still unreachable

The connection could not be restored.

Session expired

The server has moved on; the page needs a fresh start.